 Dungeon Crawl Stone Soup version 0.26-a0-259-g1effd001a9 (webtiles) character file.

Game seed: 6127698138346098833

91 Esekla the Stinger (level 4, -1/32 HPs)
             Began as a Formicid Venom Mage on July 13, 2020.
             Slain by a gnoll (5 damage)
             ... on level 2 of the Dungeon.
             The game lasted 00:13:21 (2105 turns).

Esekla the Stinger (Formicid Venom Mage)            Turns: 2105, Time: 00:13:21

Health: -1/32      AC:  3    Str: 13    XL:     4   Next: 87%
Magic:  6/8        EV: 12    Int: 15    God:
Gold:   58         SH:  0    Dex: 11    Spells: 0/9 levels left

rFire    . . .     SeeInvis +   f - +3 hand axe
rCold    . . .     Faith    .   (no shield)
rNeg     . . .     Spirit   .   a - +0 robe
rPois    .         Reflect  .   (helmet unavailable)
rElec    .         Harm     .   (no cloak)
rCorr    .                      (no gloves)
MR       .....                  g - +0 pair of boots
Stlth    ++........             (no amulet)
HPRegen  0.10/turn              (no ring)
MPRegen  0.11/turn              (no ring)

@: no status effects
A: permanent stasis, dig shafts and tunnels, four strong arms, antennae 3
a: Dig, Shaft Self


You were on level 2 of the Dungeon.
You were not hungry.

You visited 1 branch of the dungeon, and saw 3 of its levels.

You collected 58 gold pieces.

Inventory:

Hand Weapons
 d - a +0 dagger
 f - a +3 hand axe (weapon)
Armour
 a - a +0 robe (worn)
 g - a +0 pair of boots (worn)
Scrolls
 h - a scroll of blinking {unknown}
 i - 3 scrolls of teleportation {unknown}
 j - a scroll of identify {unknown}
Potions
 b - a potion of stabbing {unknown}
 e - a potion of lignification {unknown}
Comestibles
 c - a ration


   Skills:
 * Level 1.0 Fighting
 + Level 0.3 Short Blades
 + Level 2.1 Dodging
 + Level 3.1 Stealth
 * Level 3.0 Spellcasting
 + Level 2.5 Transmutations
 * Level 0.8 Air Magic
 + Level 4.0 Poison Magic


You couldn't memorise any spells.
You knew the following spells:

 Your Spells              Type           Power        Failure   Level
a - Sting                 Tmut/Pois      ##..         5%          1
c - Mephitic Cloud        Conj/Pois/Air  #.......     30%         3
n - Ignite Poison         Fire/Tmut/Pois #.......     24%         3
v - Poisonous Vapours     Pois/Air       #.....       11%         2

Your spell library contained the following spells:

 Spells                   Type           Power        Failure   Level
 Olgreb's Toxic Radiance  Pois           ##......     36%         4


Dungeon Overview and Level Annotations

Branches:
Dungeon (3/15)

Altars:

Annotations:
D:3 Ijyb


Innate Abilities, Weirdness & Mutations

You cannot be hasted, slowed, berserked, paralysed or teleported.
You can dig through walls and to a lower floor.
Your four strong arms can wield two-handed weapons with a shield.
You have a pair of large antennae on your head. (SInv)


Message History

You hit the quokka.
You kill the quokka!
The gnoll misses you.
The gnoll hits you from afar with a +0 spear.
Casting: Poisonous Vapours (safe; 11% risk of failure)
Confirm with . or Enter, or press ? or * to list all spells.
You don't know that spell.
Unknown command.
Casting: Poisonous Vapours (safe; 11% risk of failure)
Confirm with . or Enter, or press ? or * to list all spells.
Aiming: Poisonous Vapours (safe; 11% risk of failure)
Press: ? - help, Dir - move target cursor, f - gnoll
Aim: a gnoll, wielding a +0 spear and quivering a throwing net Poisonous vapours surround the gnoll!
The gnoll shouts!
The gnoll hits you.
The gnoll is engulfed in poison gas.
The gnoll is poisoned.
The gnoll hits you from afar with a +0 spear!
* * * LOW HITPOINT WARNING * * *
The gnoll hits you.
You die...

#####.##.#####.#.##.S....#
......##.##......######..#
########....##.#.## #..# #
##..###.....## ##.#
#######..#............ [.
........###l#.....###. .##
#######..#.#####.## # .#
#...## #.# #.##g## #...# #@#
#.#†).####.
#...######g####..!#......
#..........g..###...# ####
##..##########.g.g..##
##.###...###############......
..#.##............# ######
##.###...########.#
##>.........## #.#
#...........# #.#


You could see 2 gnolls.

Vanquished Creatures
  A worker ant (D:2)
  An adder (D:2)
  4 dart slugs (D:1)
  3 leopard geckos
  5 giant cockroaches
  7 goblins
  6 hobgoblins
  A quokka (D:2)
  8 bats
  2 frilled lizards
  3 kobolds
  3 rats
44 creatures vanquished.

Notes
Turn   | Place    | Note
-------+----------+-------------------------------------------
     0 | D:1      | Esekla the Formicid Venom Mage began the quest for the Orb.
     0 | D:1      | Reached XP level 1. HP: 13/13 MP: 3/3
   405 | D:2      | Reached XP level 2. HP: 20/20 MP: 3/5
   409 | D:2      | Learned a level 2 spell: Poisonous Vapours
   676 | D:2      | Reached XP level 3. HP: 9/25 MP: 1/6
  1192 | D:3      | Noticed Ijyb
  1357 | D:2      | Reached XP level 4. HP: 31/31 MP: 1/8
  1838 | D:1      | Reached skill level 1 in Fighting
  1925 | D:1      | Learned a level 3 spell: Mephitic Cloud
  1929 | D:1      | Learned a level 3 spell: Ignite Poison
  2105 | D:2      | Slain by a gnoll

Illustrated notes

Levels and vault maps discovered:
D:1:      wander_arrival_lonely_grave, layout_basic
D:2:      layout_loops_ring
D:3:      layout_basic, chequers_temple_overflow_statue_of_worship, uniq_ijyb,
          uniq_sigmund, uniq_terence

Skill      XL: |  1  2  3  4 |
---------------+-------------+-----
Dodging        | 2 |  2.1
Transmutations | 2 |  2.5
Stealth        | 3 |  3.1
Fighting       | 1 |  1.0
Spellcasting   | 3 |  3.0
Short Blades   | |  0.3
Air Magic      | |  0.8
Poison Magic   | |  4.0

Action                   |  1- 3 |  4- 6 || total
-------------------------+-------+-------++-------
Melee: Dagger            |    31 |       ||    31
       Unarmed           |     5 |       ||     5
       Hand axe          |     5 |    19 ||    24
 Cast: Sting             |     9 |       ||     9
       Poisonous Vapours |    17 |     8 ||    25
 Stab: Sleeping          |     3 |     3 ||     6
  Eat: Ration            |     1 |       ||     1
Armor: Robe              |     8 |     3 ||    11
Dodge: Dodged            |    59 |    16 ||    75

Table legend:
 A = Non-vault XP
 B = Vault XP
 C = Vault XP percentage of total XP
 D = Non-vault monster count
 E = Vault monster count
 F = Vault count percentage of total count
                 A         B        C        D         E       F
            +---------+---------+-------+---------+---------+-------
      Total |     130 |       0 |   0.0 |      44 |       0 |   0.0
            +---------+---------+-------+---------+---------+-------
        D:1 |      56 |       0 |   0.0 |      26 |       0 |   0.0
        D:2 |      72 |       0 |   0.0 |      17 |       0 |   0.0
        D:3 |       2 |       0 |   0.0 |       1 |       0 |   0.0
            +---------+---------+-------+---------+---------+-------
